 Dungeon Crawl Stone Soup version 0.30.1-4-g462c640d31 (webtiles) character file.

Game seed: 2752975506424684543

186 Nick1 the Shield-Bearer (level 5, -10/42 HPs)
             Began as a Formicid Fighter on Sept 17, 2023.
             Killed from afar by Ijyb (15 damage)
             ... with a bolt of acid
             ... on level 3 of the Dungeon.
             The game lasted 00:08:25 (1535 turns).

Nick1 the Shield-Bearer (Formicid Fighter)          Turns: 1535, Time: 00:08:25

Health: -10/42     AC:  1    Str: 23    XL:     5   Next: 97%
Magic:  5/5        EV:  8    Int:  7    God:
Gold:   88         SH:  6    Dex: 13    Spells: 4/4 levels left

rFire   . . .        a - +0 war axe
rCold   . . .        c - +1 buckler
rNeg    . . .        f - +0 chain mail
rPois   .            (helmet unavailable)
rElec   .            (no cloak)
rCorr   .            (no gloves)
SInv    +            (no boots)
Will    .....        (no amulet) Stlth
                     (no ring)
HPRegen 0.27/turn    (no ring)
MPRegen 0.09/turn

%: no passive effects
@: corroded, flying
A: permanent stasis, dig shafts and tunnels, antennae 3, four strong arms
a: Dig, Shaft Self


You were on level 3 of the Dungeon.
You visited 1 branch of the dungeon, and saw 3 of its levels.

You collected 88 gold pieces.

Inventory:

Hand Weapons
 a - a +0 war axe (weapon)
Armour
 c - a +1 buckler (worn)
 f - a +0 chain mail (worn)
Jewellery
 o - a +5 ring of evasion
Wands
 p - a wand of polymorph (4)
Scrolls
 b - 3 scrolls of identify {unknown}
 e - a scroll of magic mapping {unknown}
 k - a scroll of silence {unknown}
 l - a scroll of vulnerability
 m - 2 scrolls of teleportation {unknown}
 n - a scroll of blinking {unknown}
Potions
 d - a potion of might
 g - a potion of flight
 h - a potion of haste {unknown}
 i - 4 potions of curing {unknown}
 j - a potion of lignification {unknown}
 q - a potion of heal wounds {unknown}


   Skills:
 * Level 4.0 Fighting
 * Level 3.7 Axes
 + Level 1.2 Throwing
 * Level 4.2 Armour
 + Level 0.1 Dodging
 * Level 5.0 Shields


You had 4 spell levels left.
You didn't know any spells.
Your spell library contained the following spells:

 Spells                   Type           Power      Damage    Failure   Level
 Gell's Gravitas          Tloc           0%         N/A       100%        3
 Teleport Other           Tloc           0%         N/A       100%        3
 Dispersal                Tloc           0%         N/A       100%        6


Dungeon Overview and Level Annotations

Branches:
Dungeon (3/15)

Altars:

Annotations:
D:3 Ijyb


Innate Abilities, Weirdness & Mutations

You cannot be hasted, slowed, berserked, paralysed or teleported.
You can dig through walls and to a lower floor.
You have a pair of large antennae on your head. (SInv)
Your four strong arms can wield two-handed weapons with a shield.


Message History

You kill the goblin!
You feel sick.
You are no longer poisoned.
Ijyb screams, "Me very upset!"
The goblin hits you with a +0 club. Ijyb closely misses you.
You barely miss Ijyb.
Ijyb is moderately wounded.
You hit the goblin.
You kill the goblin!
You closely miss the goblin. Ijyb hits you but does no damage.
The goblin hits you but does no damage.
You hit Ijyb but do no damage.
Ijyb is moderately wounded.
You hit the goblin. You miss the goblin. Ijyb hits you with a +0 club.
The goblin hits you but does no damage. x2
Unknown command.
You hit Ijyb but do no damage.
Ijyb is moderately wounded.
You hit the goblin.
You kill the goblin!
You closely miss the goblin. The goblin hits you but does no damage.
You block Ijyb's attack. The goblin hits you but does no damage.
Ijyb zaps a wand.
The bolt of acid misses you.
You barely miss Ijyb.
Ijyb is moderately wounded.
You completely miss the goblin. The goblin closely misses you.
Ijyb zaps a wand.
The bolt of acid misses you.
Unknown command.
You slash Ijyb!
Ijyb is heavily wounded.
You miss the goblin. The goblin hits you but does no damage.
Ijyb zaps a wand.
The bolt of acid hits you!
* * * LOW HITPOINT WARNING * * *
The acid corrodes you!
Unknown command.
It was a potion of flight.
You feel very buoyant.
You fly up into the air.
You block the goblin's attack.
Ijyb zaps a wand.
The bolt of acid hits you!
You die...

...#######
#..8.8.8.8
#.........
######.........
{
#..............
{
#..............
{
#.....gg)......
{
#.....)@8.8.8.8
#<......#######
######.## #.#
#.. #.## ...
### {


You could see Ijyb and a goblin.

Vanquished Creatures
  Natasha (thrice) (D:2)
  A gnoll (D:1)
  3 adders (D:2)
  A worm (D:2)
  3 dart slugs
  2 endoplasms (D:1)
  4 giant cockroaches
  14 goblins
  10 hobgoblins
  6 kobolds
  A quokka (D:2)
  4 ball pythons
  7 bats
  4 rats
63 creatures vanquished.

Notes
Turn   | Place    | Note
-------+----------+-------------------------------------------
     0 | D:1      | Nick1 the Formicid Fighter began the quest for the Orb.
     0 | D:1      | Reached XP level 1. HP: 18/18 MP: 1/1
    95 | D:1      | Reached XP level 2. HP: 20/24 MP: 2/2
   220 | D:1      | Reached XP level 3. HP: 23/29 MP: 3/3
   224 | D:1      | Reached skill level 1 in Throwing
   523 | D:1      | Reached XP level 4. HP: 37/37 MP: 4/4
  1101 | D:2      | Reached XP level 5. HP: 38/42 MP: 5/5
  1119 | D:2      | Noticed Natasha
  1128 | D:2      | Killed Natasha
  1172 | D:2      | Noticed Natasha
  1182 | D:2      | Killed Natasha
  1340 | D:2      | Noticed Natasha
  1348 | D:2      | Killed Natasha
  1349 | D:2      | Reached skill level 5 in Shields
  1520 | D:3      | Noticed Ijyb
  1535 | D:3      | Killed from afar by Ijyb

Illustrated notes

Levels and vault maps discovered:
D:1:      ldierk_walled_garden, layout_loops_ring, minmay_pentomino_t2
D:2:      layout_basic, corner_web_ring, uniq_natasha
D:3:      kennysheep_the_goblin_king, layout_loops_cross,
          uniq_crazy_yiuf_cottage, uniq_sigmund, uniq_jessica, uniq_terence

Skill      XL: |  1  2  3  4  5 |
---------------+----------------+-----
Throwing       | 1 |  1.2
Axes           | 3 |  3.7
Armour         | 4 |  4.2
Fighting       | 4 |  4.0
Shields        | 5 |  5.0
Dodging        | |  0.1

Action                     |  1- 3 |  4- 6 || total
---------------------------+-------+-------++-------
  Melee: War axe           |    55 |   110 ||   165
  Throw: Boomerang         |    20 |     2 ||    22
         Throwing net      |       |     1 ||     1
    Use: Scroll            |       |     2 ||     2
         Potion            |       |     1 ||     1
 Armour: Scale mail        |    19 |     4 ||    23
         Chain mail        |       |    61 ||    61
  Dodge: Dodged            |    23 |    35 ||    58
  Block: Buckler           |    14 |    33 ||    47
